 Dungeon Crawl Stone Soup version 0.25-a0-566-g062765be81 (webtiles) character file.

Game seed: 2589560810066108114, levelgen mode: deterministic

319956 Emblim88 the Swashbuckler (level 21, -2/151 HPs)
             Began as a Gnoll Fighter on Feb 28, 2020.
             Was the Champion of Okawaru.
             Slain by a death ooze (18 damage)
             ... created by the Royal Jelly
             ... on level 5 of the Pits of Slime.
             The game lasted 03:03:12 (45055 turns).

Emblim88 the Swashbuckler (Gnoll Fighter)          Turns: 45055, Time: 03:03:13

Health: -2/151     AC: 24    Str: 29      XL:     21   Next: 49%
Magic:  22/31      EV: 26    Int: 11 (12) God:    Okawaru [******]
Gold:   6900       SH: 30    Dex: 26 (27) Spells: 5/47 levels left

rFire    x . .     SeeInvis .   L - +6 broad axe of Bitets {protect, *Contam +Inv rF- Dex+8}
rCold    . . .     Gourm    .   s - +2 tower shield
rNeg     + + +     Faith    .   c - +4 plate armour of Heresy {-Tele MR+ rCorr Str+2}
rPois    .         Spirit   .   z - +2 hat {MR+}
rElec    +         Reflect  +   l - +2 cloak {+Inv}
rCorr    +         Harm     .   A - +1 pair of gloves of the Twenty Queens {*Corrode rElec rN+++ Regen+}
MR       +++++     Rnd*Rage +   H - +1 pair of boots {Fly} Stlth ++++......NoTele +
                                E - +3 amulet of reflection
HPRegen  0.75/turn              q - ring of Kefeynap {+Inv MR+ EV+2 Stlth+}
MPRegen  0.22/turn              O - ring "Xedi" {MR+ Slay+3}

@: heroism, finesse, corroded, protection aura, flying, very slightly
contaminated, invisible
A: distributed training, fangs 1, molten scales 1, thin metallic scales 1, agile
2, berserk 1, blurry vision 1, deformed body, deterioration 2, frail 1, low mp
2, screaming 1, subdued magic 1, strong nose
}: 2/15 runes: barnacled, gossamer
a: Heroism, Finesse, Renounce Religion, Stop Flying


You were on level 5 of the Pits of Slime.
You worshipped Okawaru.
Okawaru was exalted by your worship.
You were not hungry.

You visited 7 branches of the dungeon, and saw 38 of its levels.
You also visited: Gauntlet and Ice Cave.

You collected 7137 gold pieces.
You spent 237 gold pieces at shops.

Inventory:

Hand Weapons
 I - the +0 flail of Tenacity {drain, rElec rPois MR++}
   (You found it on level 14 of the Dungeon)

   A truly terrible weapon, it drains the life of those it strikes.
   It insulates you from electricity.
   It protects you from poison.
   It affects your resistance to hostile enchantments.
 L - the +6 broad axe of Bitets (weapon) {protect, *Contam +Inv rF- Dex+8}
   (You found it on level 3 of the Lair of Beasts)

   It grants its wielder temporary protection when it strikes (+7 to AC).
   It affects your dexterity (+8).
   It makes you vulnerable to fire.
   It lets you turn invisible.
   It causes magical contamination when unequipped.
 X - a +5 vampiric quick blade
Missiles
 B - 44 silver javelins
 K - 3 javelins (quivered)
Armour
 c - the +4 plate armour of Heresy (worn) {-Tele MR+ rCorr Str+2}
   (You found it on level 4 of the Shoals)

   It affects your strength (+2).
   It affects your resistance to hostile enchantments.
   It prevents most forms of teleportation.
   It provides partial protection from all sources of acid and corrosion.
   If you remove this armour, your AC will decrease by 18 (24 -> 6).
 l - a +2 cloak of invisibility (worn)
 s - a +2 tower shield (worn)
 t - the +6 scale mail of the Doldrums {rElec rC+ Int-4 SInv Stlth+}
   (Okawaru gifted it to you on level 5 of the Lair of Beasts)

   It affects your intelligence (-4).
   It protects you from cold.
   It insulates you from electricity.
   It lets you see invisible.
   It makes you more stealthy.
   If you switch to wearing this armour, your AC will decrease by 3 (24 -> 21).
 z - a +2 hat of magic resistance (worn)
 A - the +1 pair of gloves of the Twenty Queens (worn) {*Corrode rElec rN+++ Regen+}
   (You found it on level 4 of the Dungeon)

   It insulates you from electricity.
   It renders you almost immune to negative energy.
   It increases your rate of regeneration.
   It may corrode you when you take damage.
   If you remove this armour, your AC will decrease by 3 (24 -> 21).
 H - a +1 pair of boots of flying (worn)
 P - a scarf of cloud immunity
Jewellery
 e - the ring of Efucet {rCorr Dex+4}
   (You found it in a Gauntlet)

   [ring of resist corrosion]

   It affects your dexterity (+4).
   It provides partial protection from all sources of acid and corrosion.
 i - the ring of Suokied {+Blink rElec Int-5 Stlth+}
   (You found it on level 4 of the Spider Nest)

   [ring of stealth]

   It affects your intelligence (-5).
   It insulates you from electricity.
   It lets you blink.
   It makes you more stealthy.
 q - the ring of Kefeynap (left hand) {+Inv MR+ EV+2 Stlth+}
   (You found it in a Gauntlet)

   [ring of evasion]

   It affects your evasion (+2).
   It affects your resistance to hostile enchantments.
   It lets you turn invisible.
   It makes you more stealthy.
 E - a +3 amulet of reflection (around neck)
 O - the ring "Xedi" (right hand) {MR+ Slay+3}
   (You found it on level 9 of the Dungeon)

   [ring of protection from magic]

   It affects your accuracy and damage with ranged weapons and melee attacks
   (+3).
   It affects your resistance to hostile enchantments.
Wands
 a - a wand of acid (11)
 x - a wand of disintegration (5)
 M - a wand of iceblast (2)
 Q - a wand of clouds (3)
 T - a wand of digging (16)
Scrolls
 g - 9 scrolls of remove curse
 m - 7 scrolls of fear
 o - 9 scrolls of teleportation
 p - a scroll of magic mapping
 r - a scroll of enchant armour
 u - a scroll of silence
 D - 4 scrolls of summoning
 N - a scroll of brand weapon
 R - a scroll of holy word
 S - 3 scrolls of fog
 U - 3 scrolls of blinking
 W - 2 scrolls of identify
 Z - a scroll of amnesia
Potions
 d - 5 potions of might
 h - 15 potions of curing
 j - 2 potions of stabbing
 k - a potion of mutation
 n - a potion of brilliance
 v - 5 potions of haste
 w - a potion of heal wounds
 C - a potion of resistance
 F - 3 potions of magic
Miscellaneous
 b - a sack of spiders
 y - a crystal ball of energy
 G - a phantom mirror
 V - a phial of floods
 Y - a lamp of fire
Comestibles
 f - 33 rations


   Skills:
 + Level 15.0(20.0) Fighting
 + Level 15.0(20.0) Short Blades
 + Level 13.8(18.8) Long Blades
 + Level 13.8(18.8) Axes
 + Level 13.8(18.8) Maces & Flails
 + Level 14.4(19.4) Polearms
 + Level 13.8(18.8) Staves
 + Level 13.8(18.8) Slings
 + Level 13.8(18.8) Bows
 + Level 14.1(19.1) Crossbows
 + Level 13.8(18.8) Throwing
 + Level 15.0(20.0) Armour
 + Level 13.8(18.8) Dodging
 + Level 13.8(18.8) Stealth
 + Level 15.0(20.0) Shields
 + Level 13.8(18.8) Unarmed Combat
 + Level 13.8 Spellcasting
 + Level 11.9 Conjurations
 + Level 11.9 Hexes
 + Level 11.9 Charms
 + Level 11.9 Summonings
 + Level 11.9 Necromancy
 + Level 11.9 Translocations
 + Level 11.9 Transmutations
 + Level 11.9 Fire Magic
 + Level 11.9 Ice Magic
 + Level 11.9 Air Magic
 + Level 11.9 Earth Magic
 + Level 11.9 Poison Magic
 + Level 14.9 Invocations
 + Level 13.8 Evocations


You had 5 spell levels left.
You knew the following spells:

 Your Spells              Type           Power        Failure   Level  Hunger
a - Swiftness             Chrm/Air       ####....     1%          2    None
b - Summon Lightning Spi  Summ/Air       ####....     4%          4    ###....
c - Mephitic Cloud        Conj/Pois/Air  ####....     1%          3    None
d - Starburst             Conj/Fire      ####......   58%         6    ######.
e - Iron Shot             Conj/Erth      ####......   58%         6    ######.
f - Olgreb's Toxic Radia  Pois           ####....     4%          4    ###....
g - Shroud of Golubria    Chrm/Tloc      ####..       1%          2    None
h - Passage of Golubria   Tloc           N/A          4%          4    ###....
i - Leda's Liquefaction   Hex/Erth       ####......   4%          4    ###....
j - Aura of Abjuration    Summ           ####......   12%         5    #####..
k - Blink                 Tloc           N/A          1%          2    None

Your spell library contained the following spells:

 Spells                   Type           Power        Failure   Level  Hunger
 Corona                   Hex            ####...      1%          1    None
 Magic Dart               Conj           ####         1%          1    None
 Shock                    Conj/Air       ####         1%          1    None
 Sting                    Tmut/Pois      ####         1%          1    None
 Summon Small Mammal      Summ           ####         1%          1    None
 Call Imp                 Summ           ####....     1%          2    None
 Searing Ray              Conj           ####..       1%          2    None
 Slow                     Hex            ####....     1%          2    None
 Call Canine Familiar     Summ           ####....     1%          3    None
 Dazzling Flash           Conj/Hex       ####..       1%          3    None
 Gell's Gravitas          Tloc           ####......   1%          3    None
 Inner Flame              Hex/Fire       ####....     1%          3    None
 Lesser Beckoning         Tloc           ####......   1%          3    None
 Portal Projectile        Hex/Tloc       ####..       1%          3    None
 Recall                   Summ/Tloc      N/A          1%          3    None
 Static Discharge         Conj/Air       ####....     1%          3    None
 Summon Guardian Golem    Hex/Summ       ####....     1%          3    None
 Teleport Other           Tloc           ####....     1%          3    None
 Airstrike                Air            ####......   4%          4    ###....
 Animate Dead             Necr           N/A          4%          4    ###....
 Cause Fear               Hex            ####......   4%          4    ###....
 Fulminant Prism          Conj/Hex       ####......   4%          4    ###....
 Iskenderun's Mystic Bla  Conj/Tloc      ####....     4%          4    ###....
 Sticky Flame             Conj/Fire      ####....     4%          4    ###....
 Summon Ice Beast         Ice/Summ       ####....     4%          4    ###....
 Bolt of Magma            Conj/Fire/Erth ####......   12%         5    #####..
 Borgnjor's Vile Clutch   Necr/Erth      ####......   12%         5    #####..
 Fireball                 Conj/Fire      ####......   12%         5    #####..
 Iskenderun's Battlesphe  Conj/Chrm      ####....     12%         5    #####..
 Lightning Bolt           Conj/Air       ####......   12%         5    #####..
 Death Channel            Necr           ####......   58%         6    ######.
 Simulacrum               Ice/Necr       ####......   58%         6    ######.
 Orb of Destruction       Conj           ####......   99%         7    #######
 Spellforged Servitor     Conj/Summ      ####......   99%         7    #######
 Summon Hydra             Summ           ####......   99%         7    #######
 Ignition                 Fire           ####......   100%        8    #######
 Shatter                  Erth           ####......   100%        9    #######
 Tornado                  Air            ####......   100%        9    #######


Dungeon Overview and Level Annotations

Branches:
Dungeon (15/15)            Temple (0/1) D:6            Lair (6/6) D:10
 Shoals (4/4) Lair:3       Spider (4/4) Lair:2        Slime (5/5) Lair:6
    Orc (2/2) D:12            Elf (2/3) Orc:2        Vaults (0/5) D:13
 Depths (0/5) D:15          IceCv (visited)         Gauntlet (visited)

Altars:
Fedhas
Okawaru
Sif Muna
Uskayaw
Vehumet
Wu Jian
Xom
Yredelemnul
The Shining One
Beogh
Jiyva

Shops:
D:5 =   D:14 =   Orc:2 %[!*   Elf:2 [

Annotations:
D:5 2 transporters, astraldaughter's ghost, novice DgWz
D:8 1 runed translucent door, Zarkath's ghost, novice TeSu
D:14 1 runed translucent door, Biutis's ghost, journeyman HONe
Slime:5 Royal Jelly


Innate Abilities, Weirdness & Mutations

Your experience applies equally to all skills.
You have very sharp teeth.
Your uncanny sense of smell can sniff out nearby items.
You are partially covered in molten scales. (AC +2)
You are partially covered in thin metallic scales. (AC +2)
You are very agile. (Dex +4)
You tend to lose your temper in combat.
Scrolls take you a little longer to read.
Armour fits poorly on your strangely shaped body.
Your body often deteriorates upon taking damage.
You are frail. (-10% HP)
Your magical capacity is very low. (-20% MP)
You occasionally shout uncontrollably at your foes.
Your spells are a little easier to cast, but a little less powerful.


Message History

Your body deteriorates!
You feel clumsy.
You block the azure jelly's attack. x3; The Royal Jelly hits you!!
* * * LOW HITPOINT WARNING * * *
Your body deteriorates!
You feel dopey.
You are splashed with acid.
You resist.
* * * LOW HITPOINT WARNING * * *
The Royal Jelly closely misses you. The azure jelly misses you.
The azure jelly completely misses you. The azure jelly barely misses you.
The azure jelly hits you but does no damage.
Really read with blurry vision while enemies are nearby?
You begin reading the scroll.
You continue reading the scroll.
You block the Royal Jelly's attack. x2
The azure jelly hits you but does no damage.
You block the azure jelly's attack. x2; The azure jelly closely misses you.
The death ooze misses you. x2; The azure jelly misses you.
The azure jelly barely misses you. You block the azure jelly's attack.
The azure jelly hits you but does no damage.
The death ooze closely misses you. The death ooze misses you.
The death ooze closely misses you. The death ooze hits you!!
You die...

##...................
#..[................
##...................
##..................#.
##.................####
##..................##$#
#.................###([[
##.......J........###$[!#
####......J@J........##$|φ)%
#.#.......JJJ........##!([(#
##.........JJ.......####[?#|
#..........J.(.......#######
#...........(.......##...#..
##......................#...#
#.....................#######
##......^............## #)?#)
##..................###$))!#


You could see the Royal Jelly, an acid blob, 3 azure jellies and 4 death oozes.

Vanquished Creatures
  Rupert (D:13)
  3 krakens
  23 acid blobs
  Frances (Elf:1)
  Polyphemus (Shoals:2)
  Agnes (D:13)
  Kirke (Shoals:4)
  Ilsuiw (Shoals:2)
  3 azure jellies
  A frost giant (Shoals:4)
  3 ghost moths
  3 emperor scorpions (Spider:4)
  6 entropy weavers
  A deep elf annihilator (Elf:2)
  A deep elf demonologist (Elf:1)
  Azrael (Elf:2)
  A dire elephant (Lair:6)
  A minotaur (Gauntlet)
  An ettin (D:15)
  2 spark wasps
  2 blizzard demons (IceCv)
  A deep elf death mage (Elf:1)
  3 merfolk javelineers
  2 death oozes
  8 merfolk impalers
  A fire dragon (D:15)
  Josephine (D:12)
  A deep elf high priest (Elf:2)
  6 great orbs of eyes
  10 hydras
  7 centaur warriors
  3 catoblepae
  6 merfolk avatars
  5 merfolk aquamancers
  A death knight (D:14)
  2 ogre magi
  8 two-headed ogres
  8 death scarabs (Spider:4)
  A queen ant (Spider:1)
  27 dancing weapons
  5 death yaks
  4 tengu warriors
  Urug (D:12)
  An orc high priest (Elf:1)
  A sun demon (Gauntlet)
  20 deep elf knights
  A fire crab (Gauntlet)
  A spectral emperor scorpion (Spider:4)
  5 skeletal warriors
  10 sea snakes
  3 unseen horrors
  An orange crystal statue (Lair:2)
  9 deep elf archers
  8 harpies
  28 wolf spiders
  25 orb spiders
  6 ugly things
  A wolf spider zombie (Spider:4)
  7 orc sorcerers
  50 deep elf magi
  4 spectral wolf spiders (Spider:4)
  6 oklob plants
  2 orc knights
  A manticore (shapeshifter) (Gauntlet)
  4 fauns (Shoals:2)
  3 cyclopes
  4 elephants (Lair:6)
  18 manticores
  7 shining eyes
  14 merfolk sirens
  2 moths of wrath
  7 water nymphs
  A gargoyle (D:14)
  2 ice statues
  An eye of devastation (Slime:1)
  A torpor snail (Spider:1)
  A water nymph (shapeshifter) (D:14)
  4 black mambas
  3 spectral redbacks (Spider:4)
  16 spiny frogs
  13 demonic crawlers
  4 yaktaurs
  A hellion (Gauntlet)
  4 freezing wraiths
  A redback zombie (Spider:4)
  An efreet (D:14)
  8 komodo dragons
  A kobold demonologist (D:12)
  7 rime drakes
  A golden dragon simulacrum (IceCv)
  6 ice devils (IceCv)
  6 anaconda simulacra (IceCv)
  A meliai (D:14)
  3 trolls
  29 jumping spiders
  35 merfolk
  A tengu conjurer (D:13)
  3 polar bears
  8 wind drakes
  A wolf spider simulacrum (IceCv)
  7 hornets
  3 tarantella zombies (Spider:4)
  2 jumping spider zombies (Spider:4)
  5 spectral jumping spiders (Spider:4)
  18 hippogriffs
  99 slime creatures
  2 spectral tarantellas (Spider:4)
  8 snapping turtles
  18 blink frogs
  A dream sheep (Lair:4)
  2 air elementals (Elf:2)
  11 water elementals
  A spriggan (shapeshifter) (Gauntlet)
  6 wraiths
  71 redbacks
  25 tarantellas
  42 yaks
  Sigmund (D:3)
  6 fire bats (Gauntlet)
  A vampire (D:13)
  8 wyverns
  3 dire elephant simulacra (IceCv)
  5 basilisks
  2 hogs (D:7)
  A hog (shapeshifter) (D:14)
  8 fire elementals
  2 humans
  A hungry ghost (D:11)
  11 vampire mosquitoes
  2 harpy simulacra (IceCv)
  5 wargs (Orc:2)
  A soldier ant (shapeshifter) (D:15)
  2 acid dragons
  2 iron troll simulacra (IceCv)
  21 soldier ants
  4 hydra simulacra (IceCv)
  7 water moccasins
  5 hell hounds
  10 porcupines
  4 sky beasts
  A hornet zombie (D:14)
  2 black bears
  2 ice beasts
  20 orc warriors
  A phantom (D:4)
  An ettin simulacrum (IceCv)
  8 eyes of draining
  4 necrophages
  9 ogres
  23 wolves
  15 centaurs
  20 crocodiles
  2 big kobolds
  15 bullfrogs
  A wyvern zombie (D:14)
  2 earth elementals (Elf:2)
  3 wyvern skeletons
  9 scorpions
  3 killer bees
  A vampire bat (Orc:1)
  8 wights
  6 howler monkeys
  An electric eel (Lair:2)
  10 crimson imps
  2 bullfrog zombies (D:11)
  4 centaur zombies
  A quasit (D:10)
  A draconian simulacrum (IceCv)
  14 orc priests
  3 hounds
  3 jellies
  Crazy Yiuf (D:2)
  4 bullfrog skeletons
  10 centaur skeletons
  43 orc wizards
  2 iguanas
  A polar bear simulacrum (IceCv)
  20 worker ants
  A spriggan simulacrum (IceCv)
  A killer bee zombie (D:6)
  5 troll simulacra (IceCv)
  A wolf simulacrum (IceCv)
  5 centaur simulacra (IceCv)
  A hound zombie (D:7)
  A hound skeleton (D:10)
  A worker ant zombie (D:9)
  11 gnolls
  16 adders
  A naga simulacrum (IceCv)
  An ogre simulacrum (IceCv)
  3 shadow imps
  5 white imps (IceCv)
  7 ufetubi (IceCv)
  2 adder skeletons
  An adder zombie (D:8)
  3 worms
  2 leopard geckos
  87 orcs
  2 ball pythons
  7 giant cockroaches
  3 hobgoblins
  14 jackals
  4 quokkas
  17 bats
  5 frilled lizards
  5 goblins
  A jackal skeleton (D:8)
  8 kobolds
  A leopard gecko skeleton (D:9)
  A quokka zombie (D:5)
  5 rats
  7 plants
  6 tentacles
1531 creatures vanquished.

Vanquished Creatures (others)
  Nessos (D:13)
  A satyr (Shoals:2)
  A two-headed ogre (D:14)
  A dancing weapon (Elf:2)
  2 deep elf knights (Elf:2)
  An unseen horror (D:14)
  An orb spider (Spider:4)
  4 deep elf magi
  2 fauns
  A manticore (Shoals:4)
  2 yaktaurs (D:13)
  2 merfolk
  A blink frog (Lair:5)
  A redback (Spider:2)
  A shadow (D:14)
  2 water elementals
  6 humans (Shoals:4)
  7 centaurs
  A bush (D:10)
  22 fungi
  59 plants
  22 tentacles
141 creatures vanquished.

Grand Total: 1672 creatures vanquished

Notes
Turn   | Place    | Note
-------+----------+-------------------------------------------
     0 | D:1      | Emblim88 the Gnoll Fighter began the quest for the Orb.
     0 | D:1      | Reached XP level 1. HP: 23/23 MP: 1/1
   156 | D:1      | You fall into a shaft and drop 1 floor!
   169 | D:2      | Reached XP level 2. HP: 29/29 MP: 2/2
   178 | D:2      | Found an iron altar of Okawaru.
   258 | D:2      | Became a worshipper of Warmaster Okawaru
   345 | D:2      | Reached XP level 3. HP: 33/35 MP: 3/3
   411 | D:2      | Reached skill level 1 in Invocations
   425 | D:2      | Reached skill level 1 in Short Blades
   425 | D:2      | Reached skill level 1 in Long Blades
   425 | D:2      | Reached skill level 1 in Axes
   425 | D:2      | Reached skill level 1 in Maces & Flails
   425 | D:2      | Reached skill level 1 in Staves
   425 | D:2      | Reached skill level 1 in Slings
   425 | D:2      | Reached skill level 1 in Bows
   425 | D:2      | Reached skill level 1 in Crossbows
   425 | D:2      | Reached skill level 1 in Throwing
   425 | D:2      | Reached skill level 1 in Dodging
   425 | D:2      | Reached skill level 1 in Stealth
   425 | D:2      | Reached skill level 1 in Unarmed Combat
   425 | D:2      | Reached skill level 1 in Spellcasting
   425 | D:2      | Reached skill level 1 in Evocations
   425 | D:2      | Reached XP level 4. HP: 21/41 MP: 5/5
  1117 | D:2      | Found a runed translucent door.
  1118 | D:2      | Noticed Crazy Yiuf
  1127 | D:2      | Killed Crazy Yiuf
  1127 | D:2      | Reached skill level 1 in Conjurations
  1127 | D:2      | Reached skill level 1 in Hexes
  1127 | D:2      | Reached skill level 1 in Charms
  1127 | D:2      | Reached skill level 1 in Summonings
  1127 | D:2      | Reached skill level 1 in Necromancy
  1127 | D:2      | Reached skill level 1 in Translocations
  1127 | D:2      | Reached skill level 1 in Transmutations
  1127 | D:2      | Reached skill level 1 in Fire Magic
  1127 | D:2      | Reached skill level 1 in Ice Magic
  1127 | D:2      | Reached skill level 1 in Air Magic
  1127 | D:2      | Reached skill level 1 in Earth Magic
  1127 | D:2      | Reached skill level 1 in Poison Magic
  1482 | D:3      | Reached XP level 5. HP: 36/47 MP: 6/6
  2117 | D:3      | Reached * piety under Okawaru
  2262 | D:3      | Noticed Sigmund
  2276 | D:3      | Killed Sigmund
  2276 | D:3      | Reached skill level 5 in Polearms
  2276 | D:3      | Reached XP level 6. HP: 37/53 MP: 7/9
  2532 | D:4      | Noticed a phantom
  2552 | D:4      | Reached ** piety under Okawaru
  2575 | D:4      | Killed a phantom
  2575 | D:4      | Reached XP level 7. HP: 49/59 MP: 10/10
  2815 | D:4      | Got a pair of crude gloves
  2821 | D:4      | Identified the +1 pair of gloves of the Twenty Queens
                  | {*Corrode rElec rN+++ Regen+} (You found it on level 4 of
                  | the Dungeon)
  3248 | D:5      | Entered Level 5 of the Dungeon
  3248 | D:5      | Found Tymemor's Jewellery Emporium.
  3301 | D:5      | Found a glowing golden altar of the Shining One.
  3653 | D:5      | Found a transporter.
  3654 | D:5      | Noticed astraldaughter's ghost (novice DgWz)
  3655 | D:5      | Found a transporter.
  3987 | D:6      | Reached XP level 8. HP: 67/67 MP: 10/12
  4187 | D:6      | Reached *** piety under Okawaru
  4406 | D:6      | Found a staircase to the Ecumenical Temple.
  4595 | D:7      | Got an iridescent dagger
  4681 | D:7      | Reached XP level 9. HP: 68/72 MP: 14/14
  4701 | D:7      | Reached **** piety under Okawaru
  5134 | D:7      | Received a gift from Okawaru
  5517 | D:7      | Reached skill level 5 in Invocations
  5716 | D:8      | Identified the +5 dagger "Noinan" {speed, rElec rPois
                  | Int-2} (You found it on level 7 of the Dungeon)
  5734 | D:8      | Reached XP level 10. HP: 80/80 MP: 17/17
  5997 | D:8      | Found a runed translucent door.
  5997 | D:8      | Found a shimmering altar of Xom.
  5997 | D:8      | Noticed Zarkath's ghost (novice TeSu)
  5997 | D:8      | Noticed a +1 trident of chaos
  6210 | D:8      | Noticed a two-headed ogre
  6231 | D:8      | Killed a two-headed ogre
  6231 | D:8      | Reached skill level 5 in Short Blades
  6231 | D:8      | Reached skill level 5 in Long Blades
  6231 | D:8      | Reached skill level 5 in Axes
  6231 | D:8      | Reached skill level 5 in Maces & Flails
  6231 | D:8      | Reached skill level 5 in Staves
  6231 | D:8      | Reached skill level 5 in Slings
  6231 | D:8      | Reached skill level 5 in Bows
  6231 | D:8      | Reached skill level 5 in Crossbows
  6231 | D:8      | Reached skill level 5 in Throwing
  6231 | D:8      | Reached skill level 5 in Dodging
  6231 | D:8      | Reached skill level 5 in Stealth
  6231 | D:8      | Reached skill level 5 in Unarmed Combat
  6231 | D:8      | Reached skill level 5 in Spellcasting
  6231 | D:8      | Reached skill level 5 in Evocations
  6266 | D:8      | Found a hide-covered altar of Uskayaw.
  6282 | D:8      | Found an ornate altar of the Wu Jian Council.
  6282 | D:8      | Found a radiant altar of Vehumet.
  6284 | D:8      | Found a basalt altar of Yredelemnul.
  6286 | D:8      | Found a blossoming altar of Fedhas.
  6724 | D:9      | Received a gift from Okawaru
  7215 | D:9      | Got a clouded steel ring
  7234 | D:9      | Noticed a two-headed ogre
  7254 | D:9      | Killed a two-headed ogre
  7254 | D:9      | Reached ***** piety under Okawaru
  7256 | D:9      | Identified the ring "Xedi" {MR+ Slay+3} (You found it on
                  | level 9 of the Dungeon)
  7282 | D:10     | Entered Level 10 of the Dungeon
  7300 | D:10     | Received a gift from Okawaru
  7412 | D:10     | Found a staircase to the Lair.
  7458 | D:10     | Reached XP level 11. HP: 78/87 MP: 16/19
  7760 | D:10     | Noticed a two-headed ogre
  7773 | D:10     | Killed a two-headed ogre
  7773 | D:10     | Reached skill level 5 in Conjurations
  7773 | D:10     | Reached skill level 5 in Hexes
  7773 | D:10     | Reached skill level 5 in Charms
  7773 | D:10     | Reached skill level 5 in Summonings
  7773 | D:10     | Reached skill level 5 in Necromancy
  7773 | D:10     | Reached skill level 5 in Translocations
  7773 | D:10     | Reached skill level 5 in Transmutations
  7773 | D:10     | Reached skill level 5 in Fire Magic
  7773 | D:10     | Reached skill level 5 in Ice Magic
  7773 | D:10     | Reached skill level 5 in Air Magic
  7773 | D:10     | Reached skill level 5 in Earth Magic
  7773 | D:10     | Reached skill level 5 in Poison Magic
  8564 | D:11     | Learned a level 2 spell: Swiftness
  8569 | D:11     | Learned a level 4 spell: Summon Lightning Spire
  8999 | D:12     | Noticed a two-headed ogre
  8999 | D:12     | Noticed a skeletal warrior
  8999 | D:12     | Noticed a skeletal warrior
  8999 | D:12     | Noticed a skeletal warrior
  8999 | D:12     | Noticed a skeletal warrior
  9024 | D:11     | Killed a skeletal warrior
  9024 | D:11     | Received a gift from Okawaru
  9057 | D:11     | Killed a two-headed ogre
  9190 | D:11     | Killed a skeletal warrior
  9296 | D:11     | Killed a skeletal warrior
  9396 | D:11     | Killed a skeletal warrior
  9448 | D:12     | Noticed Josephine
  9485 | D:11     | Reached XP level 12. HP: 72/96 MP: 22/22
  9580 | D:12     | Killed Josephine
  9580 | D:12     | Received a gift from Okawaru
  9624 | D:12     | Noticed Urug
  9636 | D:12     | Killed Urug
  9636 | D:12     | Received a gift from Okawaru
  9753 | D:12     | Noticed a two-headed ogre
  9770 | D:12     | Killed a two-headed ogre
  9851 | D:12     | Noticed a two-headed ogre
  9873 | D:12     | Killed a two-headed ogre
  9933 | D:12     | Noticed a six-headed hydra
  9945 | D:12     | Killed a six-headed hydra
 10398 | D:12     | Found a staircase to the Orcish Mines.
 10551 | D:13     | Got a warped leather armour
 10799 | D:13     | Reached skill level 10 in Fighting
 10799 | D:13     | Reached skill level 10 in Armour
 10799 | D:13     | Reached skill level 10 in Shields
 11070 | D:13     | Noticed Nessos
 11081 | D:13     | Killed Nessos
 11094 | D:13     | Reached XP level 13. HP: 86/103 MP: 24/24
 11300 | D:13     | Got a polished quarterstaff
 11509 | D:13     | Reached ****** piety under Okawaru
 11512 | D:13     | Received a gift from Okawaru
 11613 | D:13     | Got a heavily runed hat {god gift}
 11652 | D:13     | Identified the +0 hat of the Pirate {rC+} (Okawaru gifted
                  | it to you on level 13 of the Dungeon)
 11659 | D:13     | Identified the cursed +1 quarterstaff of Ilety {flame,
                  | Int+5} (You found it on level 13 of the Dungeon)
 11670 | D:13     | Identified the +2 leather armour of the Ecumenical Temple
                  | {rF++ rCorr Slay-4} (You found it on level 13 of the
                  | Dungeon)
 11741 | D:13     | Found a gate to the Vaults.
 11903 | D:13     | Noticed Rupert
 11953 | D:13     | Killed Rupert
 12341 | Lair:1   | Entered Level 1 of the Lair of Beasts
 13508 | Lair:2   | Got a twisted trident
 13509 | Lair:2   | Identified the cursed +1 trident of Karma {flame, rF++}
                  | (You found it on level 2 of the Lair of Beasts)
 13798 | Lair:2   | Found a hole to the Spider Nest.
 13821 | Lair:2   | Received a gift from Okawaru
 13883 | Lair:2   | Reached XP level 14. HP: 100/111 MP: 26/26
 14330 | Lair:2   | Identified a scroll of acquirement
 14331 | Lair:2   | Identified the Collected Works on Lightness (You acquired
                  | it on level 2 of the Lair of Beasts)
 14511 | Lair:3   | Got a warped broad axe
 14512 | Lair:3   | Identified the +6 broad axe of Bitets {protect, *Contam
                  | +Inv rF- Dex+8} (You found it on level 3 of the Lair of
                  | Beasts)
 14576 | Lair:3   | Gained mutation: You tend to lose your temper in combat.
                  | [mutagenic glow]
 14685 | Lair:3   | Received a gift from Okawaru
 14690 | Lair:3   | Got a scorched scale mail {god gift}
 14743 | Lair:3   | Found a staircase to the Shoals.
 15113 | Lair:3   | Identified the +0 scale mail "Mialucar" {-Cast rN+ MR+}
                  | (Okawaru gifted it to you on level 3 of the Lair of Beasts)
 15131 | Lair:4   | Reached skill level 10 in Polearms
 15361 | Lair:4   | Got a crude golden amulet
 15363 | Lair:4   | Identified the amulet "Quami" {Inacc rC+} (You found it on
                  | level 4 of the Lair of Beasts)
 15603 | Lair:4   | Reached skill level 10 in Invocations
 16332 | Lair:5   | Received a gift from Okawaru
 16347 | Lair:5   | Got a faintly humming scale mail {god gift}
 16998 | Lair:5   | Identified the Incunabulum of Torrid Poisoning
 17270 | Lair:5   | Identified the +6 scale mail of the Doldrums {rElec rC+
                  | Int-4 SInv Stlth+} (Okawaru gifted it to you on level 5 of
                  | the Lair of Beasts)
 17285 | Lair:6   | Entered Level 6 of the Lair of Beasts
 17311 | Lair:6   | Reached skill level 10 in Crossbows
 17439 | Lair:6   | Found a blossoming altar of Fedhas.
 17567 | Lair:6   | Reached XP level 15. HP: 109/119 MP: 28/28
 18147 | Lair:6   | Found a viscous altar of Jiyva.
 18148 | Lair:6   | Found a staircase to the Slime Pits.
 18621 | Orc:1    | Entered Level 1 of the Orcish Mines
 18780 | Orc:2    | Entered Level 2 of the Orcish Mines
 18780 | Orc:2    | Found a staircase to the Elven Halls.
 19082 | Orc:2    | Found a roughly hewn altar of Beogh.
 19090 | Orc:2    | Found Garghuc's Distillery.
 19094 | Orc:2    | Received a gift from Okawaru
 19109 | Orc:2    | Found Cugeful's General Store.
 19665 | Orc:2    | Found Laylat's Food Shop.
 19698 | Orc:2    | Found Ylybik's Armour Shoppe.
 19910 | D:14     | Noticed Agnes
 19936 | D:13     | Killed Agnes
 20064 | D:14     | Reached skill level 10 in Short Blades
 20064 | D:14     | Reached skill level 10 in Long Blades
 20064 | D:14     | Reached skill level 10 in Axes
 20064 | D:14     | Reached skill level 10 in Maces & Flails
 20064 | D:14     | Reached skill level 10 in Staves
 20064 | D:14     | Reached skill level 10 in Slings
 20064 | D:14     | Reached skill level 10 in Bows
 20064 | D:14     | Reached skill level 10 in Throwing
 20064 | D:14     | Reached skill level 10 in Dodging
 20064 | D:14     | Reached skill level 10 in Stealth
 20064 | D:14     | Reached skill level 10 in Unarmed Combat
 20064 | D:14     | Reached skill level 10 in Spellcasting
 20064 | D:14     | Reached skill level 10 in Evocations
 20132 | D:14     | Received a gift from Okawaru
 20182 | D:14     | Got a heavily runed hat {god gift}
 20301 | D:14     | Identified the -4 hat of the Planets {MP+9} (Okawaru gifted
                  | it to you on level 14 of the Dungeon)
 20620 | D:14     | Found Ekkoaq's Jewellery Emporium.
 20664 | D:14     | Noticed Biutis's ghost (journeyman HONe)
 20747 | D:14     | Found a runed translucent door.
 20790 | D:14     | Reached XP level 16. HP: 127/127 MP: 30/30
 20838 | D:14     | Got a warped flail
 20849 | D:14     | Learned a level 3 spell: Mephitic Cloud
 20856 | D:14     | Learned a level 6 spell: Starburst
 20863 | D:14     | Learned a level 6 spell: Iron Shot
 20868 | D:14     | Learned a level 4 spell: Olgreb's Toxic Radiance
 20921 | D:14     | Identified the +6 great mace "Rosunik" {flame, rPois rC+
                  | Str-4}
 21311 | D:14     | Identified the cursed +0 flail of Tenacity {drain, rElec
                  | rPois MR++} (You found it on level 14 of the Dungeon)
 21321 | D:15     | Entered Level 15 of the Dungeon
 21367 | D:15     | Gained mutation: Potions are less effective at restoring
                  | your health. [mutagenic glow]
 21489 | D:15     | Found a gate leading to a gauntlet.
 21494 | Gauntlet | Entered a Gauntlet
 21494 | Gauntlet | Found a transporter.
 21494 | Gauntlet | Found a transporter.
 21495 | Gauntlet | Found a transporter.
 21498 | Gauntlet | Found a transporter.
 21498 | Gauntlet | Found a transporter.
 21508 | Gauntlet | Found a transporter.
 21512 | Gauntlet | Found a transporter.
 21524 | Gauntlet | Found a transporter.
 21566 | Gauntlet | Found a transporter.
 21625 | Gauntlet | Found a transporter.
 21629 | Gauntlet | Found a transporter.
 21639 | Gauntlet | Found a transporter.
 21739 | Gauntlet | Got a sparkling pewter ring
 21743 | Gauntlet | Identified the ring of Efucet {rCorr Dex+4} (You found it
                  | in a Gauntlet)
 21891 | Gauntlet | Got a smoking granite ring
 21902 | Gauntlet | Identified the ring of Kefeynap {+Inv MR+ EV+2 Stlth+} (You
                  | found it in a Gauntlet)
 21924 | Gauntlet | Received a gift from Okawaru
 22065 | Gauntlet | Identified the +12 shortbow "Peabb" {speed, Int+2}
 22092 | Gauntlet | Identified Utwoiro's Catalogue of Unholy Ignition
 22223 | D:15     | Found a staircase to the Depths.
 23232 | Spider:1 | Entered Level 1 of the Spider Nest
 24484 | Spider:1 | Received a gift from Okawaru
 24768 | Spider:2 | Received a gift from Okawaru
 24965 | Spider:2 | Found a frozen archway.
 24977 | IceCv    | Entered an ice cave
 25269 | IceCv    | Reached XP level 17. HP: 114/135 MP: 32/32
 25375 | IceCv    | Gained mutation: You do not regenerate when monsters are
                  | visible. [mutagenic glow]
 26196 | Spider:2 | Found a roughly hewn altar of Beogh.
 26292 | Spider:3 | Learned a level 2 spell: Shroud of Golubria
 26297 | Spider:3 | Learned a level 4 spell: Passage of Golubria
 26302 | Spider:3 | Learned a level 4 spell: Leda's Liquefaction
 26637 | Spider:3 | HP: 5/135 [entropy weaver (7)]
 26849 | Spider:3 | Lost mutation: You tend to lose your temper in combat.
                  | [potion of mutation]
 26849 | Spider:3 | Lost mutation: You do not regenerate when monsters are
                  | visible. [potion of mutation]
 26849 | Spider:3 | Gained mutation: Your magical capacity is low. (-10% MP)
                  | [potion of mutation]
 26849 | Spider:3 | Gained mutation: You have sharp fingernails. [potion of
                  | mutation]
 26849 | Spider:3 | Gained mutation: You are partially covered in thin metallic
                  | scales. (AC +2) [potion of mutation]
 26849 | Spider:3 | Gained mutation: Your flesh is cold resistant. (rC+)
                  | [potion of mutation]
 27065 | Spider:3 | Found a transporter.
 27088 | Spider:3 | Found a transporter.
 27300 | Spider:3 | Received a gift from Okawaru
 27348 | Spider:3 | Received a gift from Okawaru
 27633 | Spider:4 | Entered Level 4 of the Spider Nest
 28380 | Spider:4 | Reached skill level 10 in Conjurations
 28380 | Spider:4 | Reached skill level 10 in Hexes
 28380 | Spider:4 | Reached skill level 10 in Charms
 28380 | Spider:4 | Reached skill level 10 in Summonings
 28380 | Spider:4 | Reached skill level 10 in Necromancy
 28380 | Spider:4 | Reached skill level 10 in Translocations
 28380 | Spider:4 | Reached skill level 10 in Transmutations
 28380 | Spider:4 | Reached skill level 10 in Fire Magic
 28380 | Spider:4 | Reached skill level 10 in Ice Magic
 28380 | Spider:4 | Reached skill level 10 in Air Magic
 28380 | Spider:4 | Reached skill level 10 in Earth Magic
 28380 | Spider:4 | Reached skill level 10 in Poison Magic
 28532 | Spider:4 | Got a vibrating turquoise ring
 28619 | Spider:4 | Identified the ring of Suokied {+Blink rElec Int-5 Stlth+}
                  | (You found it on level 4 of the Spider Nest)
 28709 | Spider:4 | Received a gift from Okawaru
 28709 | Spider:4 | Reached XP level 18. HP: 141/143 MP: 0/30
 28891 | Spider:4 | Received a gift from Okawaru
 28908 | Spider:4 | Got a fine hand crossbow {god gift}
 28959 | Spider:4 | Identified the +1 hand crossbow of Action {flame, rF+ MP+9}
                  | (Okawaru gifted it to you on level 4 of the Spider Nest)
 29254 | Spider:4 | Got a gossamer rune of Zot
 29625 | Elf:1    | Entered Level 1 of the Elven Halls
 29885 | Elf:1    | Received a gift from Okawaru
 30938 | Elf:1    | Received a gift from Okawaru
 31072 | Elf:1    | Noticed Frances
 31096 | Elf:1    | Killed Frances
 31179 | Elf:1    | Received a gift from Okawaru
 31266 | Elf:1    | Received a gift from Okawaru
 31408 | Elf:1    | Identified the Volume of Companions
 31418 | Elf:1    | Learned a level 5 spell: Aura of Abjuration
 31883 | Elf:2    | Found Teco's Antique Armour Shop.
 31888 | Elf:2    | Bought a polished chain mail for 237 gold pieces
 31898 | Elf:2    | Identified the +9 chain mail of Weirdness {+Fly rF+ Str+7}
                  | (You bought it in a shop on level 2 of the Elven Halls)
 31919 | Elf:2    | Noticed Azrael
 31937 | Elf:2    | Killed Azrael
 32084 | Elf:2    | Reached XP level 19. HP: 139/151 MP: 26/31
 32108 | Elf:2    | Found a shimmering blue altar of Sif Muna.
 32119 | Elf:2    | Received a gift from Okawaru
 32168 | Elf:2    | Learned a level 2 spell: Blink
 32409 | Elf:2    | Found a runed translucent gate.
 32409 | Elf:2    | Found a runed translucent gate.
 32409 | Elf:2    | Found a runed translucent gate.
 32979 | Elf:2    | Received a gift from Okawaru
 33368 | Elf:2    | Received a gift from Okawaru
 33856 | Shoals:1 | Entered Level 1 of the Shoals
 34633 | Shoals:1 | Received a gift from Okawaru
 34800 | Shoals:1 | Got a heavily runed scale mail {god gift}
 34825 | Shoals:1 | Identified the +3 scale mail of Meann {rN+ Str+6 Dex-2
                  | SInv} (Okawaru gifted it to you on level 1 of the Shoals)
 34931 | Shoals:2 | Noticed Ilsuiw
 35480 | Shoals:2 | Noticed Polyphemus
 35695 | Shoals:2 | Killed Ilsuiw
 35762 | Shoals:2 | Killed Polyphemus
 36948 | Shoals:3 | Reached XP level 20. HP: 103/159 MP: 25/33
 37955 | Shoals:4 | Entered Level 4 of the Shoals
 37988 | Shoals:4 | Received a gift from Okawaru
 38537 | Shoals:4 | Received a gift from Okawaru
 38551 | Shoals:4 | Got a steaming plate armour
 38569 | Shoals:4 | Identified the +4 plate armour of Heresy {-Tele MR+ rCorr
                  | Str+2} (You found it on level 4 of the Shoals)
 38601 | Shoals:4 | Noticed Kirke
 38617 | Shoals:4 | Killed Kirke
 38624 | Shoals:4 | Gained mutation: You are frail. (-10% HP) [mutagenic glow]
 39044 | Shoals:4 | Received a gift from Okawaru
 39425 | Shoals:4 | Received a gift from Okawaru
 39455 | Shoals:4 | Got a bloodstained ring mail {god gift}
 39707 | Shoals:4 | Got a barnacled rune of Zot
 40082 | Slime:1  | Entered Level 1 of the Pits of Slime
 40662 | Slime:1  | Gained mutation: Armour fits poorly on your strangely
                  | shaped body. [a shining eye]
 40663 | Slime:1  | Gained mutation: You possess an exceptional clarity of
                  | mind. [a shining eye]
 40672 | Slime:1  | Gained mutation: Your spells are a little easier to cast,
                  | but a little less powerful. [a shining eye]
 40674 | Slime:1  | Lost mutation: You possess an exceptional clarity of mind.
                  | [a shining eye]
 41272 | Slime:1  | Identified the +0 ring mail "Hutemel" {rElec rPois Str-5
                  | Dex+2} (Okawaru gifted it to you on level 4 of the Shoals)
 41832 | Slime:3  | Received a gift from Okawaru
 42666 | Slime:4  | Received a gift from Okawaru
 42666 | Slime:4  | Reached XP level 21. HP: 95/149 MP: 34/34
 43031 | Slime:5  | Entered Level 5 of the Pits of Slime
 43075 | Slime:5  | Received a gift from Okawaru
 43163 | Slime:5  | Gained mutation: Your spells are easier to cast, but less
                  | powerful. [a shining eye]
 43167 | Slime:5  | Gained mutation: You are dopey. (Int -2) [a shining eye]
 43218 | Slime:5  | Gained mutation: You are very dopey. (Int -4) [a shining
                  | eye]
 43256 | Slime:5  | Gained mutation: You tend to lose your temper in combat. [a
                  | shining eye]
 43277 | Slime:5  | Noticed the Royal Jelly
 43465 | Slime:4  | Gained mutation: Your body sometimes deteriorates upon
                  | taking damage. [a shining eye]
 43468 | Slime:3  | Gained mutation: You occasionally shout uncontrollably at
                  | your foes. [a shining eye]
 43470 | Slime:3  | Gained mutation: You are weak. (Str -2) [a shining eye]
 43558 | Slime:4  | Gained mutation: Your body often deteriorates upon taking
                  | damage. [a shining eye]
 43568 | Slime:4  | Gained mutation: Your magical capacity is very low. (-20%
                  | MP) [a shining eye]
 44373 | Slime:4  | Lost mutation: You are weak. (Str -2) [potion of mutation]
 44373 | Slime:4  | Lost mutation: You are very dopey. (Int -4) [potion of
                  | mutation]
 44373 | Slime:4  | Lost mutation: You are dopey. (Int -2) [potion of mutation]
 44373 | Slime:4  | Gained mutation: You are agile. (Dex +2) [potion of
                  | mutation]
 44374 | Slime:4  | Lost mutation: Your flesh is cold resistant. (rC+) [potion
                  | of mutation]
 44374 | Slime:4  | Lost mutation: You have sharp fingernails. [potion of
                  | mutation]
 44374 | Slime:4  | Gained mutation: Scrolls take you a little longer to read.
                  | [potion of mutation]
 44374 | Slime:4  | Gained mutation: You are very agile. (Dex +4) [potion of
                  | mutation]
 44375 | Slime:4  | Lost mutation: Your spells are easier to cast, but less
                  | powerful. [potion of mutation]
 44375 | Slime:4  | Lost mutation: Potions are less effective at restoring your
                  | health. [potion of mutation]
 44375 | Slime:4  | Gained mutation: You are partially covered in molten
                  | scales. (AC +2) [potion of mutation]
 44433 | Slime:5  | Reached skill level 15 in Short Blades
 44518 | Slime:5  | Found a viscous altar of Jiyva.
 44523 | Slime:5  | Found the +10 dark maul {vorpal}
 44526 | Slime:5  | Found the +3 robe of Folly {Archmagi, MR-- Int+5}
 44601 | Slime:5  | Reached skill level 15 in Fighting
 44601 | Slime:5  | Reached skill level 15 in Armour
 44601 | Slime:5  | Reached skill level 15 in Shields
 45055 | Slime:5  | Slain by a death ooze

Levels and vault maps discovered:
D:1:      minmay_arrival_jagged, layout_basic, chequers_arboretum,
          minmay_misc_feat_rows
D:2:      layout_loops_ring, okawaru_metal_pillars_1_2, uniq_crazy_yiuf_cottage
D:3:      layout_basic, serial_bayou_pond_c, minmay_increasing_density,
          uniq_sigmund
D:4:      layout_loops_ring
D:5:      layout_loops_cross, first_ration, serial_shops, shop,
          gammafunk_ghost_smash, kb_lookout_dungeons_type,
          nicolae_tso_carved_into_rock
D:6:      layout_rooms, temple_statues, serial_rivers,
          chequers_serial_rivers_large_a, chequers_serial_rivers_micro_d,
          chequers_serial_rivers_room_b, chequers_serial_rivers_marsh,
          chequers_serial_rivers_small_b
D:7:      layout_loops_ring, grunt_livestock, kennysheep_generic_room_12
D:8:      layout_basic, minitemple, ebering_ghost_xom,
          chequers_serial_rivers_micro_e
D:9:      layout_basic, hex_tiny
D:10:     layout_loops_corners, minmay_lair_entry_grove, grunt_ministairs_7
D:11:     layout_cave_pools
D:12:     layout_cave_pools, david_orc_4, uniq_urug, uniq_josephine
D:13:     layout_irregular_city, hangedman_vaults_entry_quadrant_bands,
          hangedman_decor_peaks_small, uniq_nessos, uniq_rupert
D:14:     minmay_the_grid_square_5x5_5x5 [minmay_the_grid_square_5x5_n_small,
          minmay_the_grid_square_5x5_bridge,
          minmay_the_grid_square_5x5_two_walls_a,
          minmay_the_grid_square_5x5_spiral_small,
          minmay_the_grid_square_5x5_spiral,
          minmay_the_grid_square_5x5_eight_small,
          minmay_the_grid_square_5x5_prize_pseudospiral,
          minmay_the_grid_square_5x5_shuriken,
          minmay_the_grid_square_5x5_prize_itemx,
          minmay_the_grid_square_5x5_meh, minmay_the_grid_square_5x5_inset,
          minmay_the_grid_square_5x5_percent,
          minmay_the_grid_square_5x5_prize_rear_guard,
          minmay_the_grid_square_5x5_minimal,
          minmay_the_grid_square_5x5_longway, minmay_the_grid_square_5x5_six,
          minmay_the_grid_square_5x5_prize_deathbox,
          minmay_the_grid_square_5x5_plus,
          minmay_the_grid_square_5x5_prize_snowflake,
          minmay_the_grid_square_5x5_three,
          minmay_the_grid_square_5x5_tetrominoes,
          minmay_the_grid_square_5x5_inner_z,
          minmay_the_grid_square_5x5_hourglass,
          minmay_the_grid_square_5x5_corner,
          minmay_the_grid_square_5x5_beaten_path], layout_irregular_city,
          serial_shops, shop, nrook_campfire, hellmonk_ghost_happy_afterlife,
          uniq_agnes
D:15:     hangedman_depths_entry_civil_slaughter, layout_basic,
          gauntlet_entry_generic, unseen_surprise_small
Lair:1:   layout_regular_city, beast_lair_carwin_4, serial_bayou_shore_b
Lair:2:   statuecave_lemuel, layout_loops_ring, spider_nest_entry_webs,
          grunt_megastairs_2
Lair:3:   layout_layer_cave, shoals_dummy_entry
Lair:4:   layout_roguey, minmay_shattered_shrine, lemuel_fruit_fields,
          infiniplex_staircase_pool_2
Lair:5:   minmay_lair_oklob_tunnel, layout_long_grid, st_stairs_10,
          beast_lair_carwin_5
Lair:6:   gammafunk_lair_ancient_temple, layout_gridlike,
          dpeg_slime_entry_enclosed_altar, basic_altar, serial_bayou_pond_d
Shoals:1: layout_shoals, nicolae_shoals_wave_tunnel
Shoals:2: layout_shoals, nicolae_shoals_cliffside_cave,
          nicolae_shoals_seven_spires, uniq_ilsuiw, uniq_polyphemus
Shoals:3: layout_shoals
Shoals:4: shoals_end_grunt_ice, layout_shoals, nicolae_shoals_this_corrosion,
          uniq_kirke
Spider:1: layout_chambers, zaba_antful_of_joy
Spider:2: nicolae_spider_mines_2, portal_ice_cave_entry_ice_statue_one
Spider:3: gammafunk_the_bubble [the_bubble_gammafunk_split], nicolae_orb_stairs
Spider:4: floodkiller_spider_rune_tomb
Slime:1:  layout_caves
Slime:2:  layout_caves
Slime:3:  layout_caves, nicolae_slime_welcoming_committee
Slime:4:  layout_caves
Slime:5
Orc:1:    layout_diamond_mine, roderic_batcave
Orc:2:    st_orc_town, layout_caves, mines5_lemuel
Elf:1:    minmay_elf_arrival_summoners, layout_geoelf_grid, evilmike_minifort,
          minmay_elf_demonology, uniq_frances
Elf:2:    layout_geoelf_octagon, serial_shops, shop, basic_altar, st_stairs_10,
          hangedman_elf_represent, uniq_azrael

Skill      XL: |  1  2  3  4  5  6  7  8  9 10 11 12 13 14 15 16 17 18 19 20 21 |
---------------+----------------------------------------------------------------+-----
Invocations    | 1 2 3 4 5 6 7 8 9 10 11 12 13 14 | 14.9
Short Blades   | 1 2 3 4 5 6 7 8 9 10 11 12 13 14 15 | 15.0
Long Blades    | 1 2 3 4 5 6 7 8 9 10 11 12 13 | 13.8
Axes           | 1 2 3 4 5 6 7 8 9 10 11 12 13 | 13.8
Maces & Flails | 1 2 3 4 5 6 7 8 9 10 11 12 13 | 13.8
Staves         | 1 2 3 4 5 6 7 8 9 10 11 12 13 | 13.8
Slings         | 1 2 3 4 5 6 7 8 9 10 11 12 13 | 13.8
Bows           | 1 2 3 4 5 6 7 8 9 10 11 12 13 | 13.8
Crossbows      | 1 2 3 4 5 6 7 8 10 11 12 13 14 | 14.1
Throwing       | 1 2 3 4 5 6 7 8 9 10 11 12 13 | 13.8
Dodging        | 1 2 3 4 5 6 7 8 9 10 11 12 13 | 13.8
Stealth        | 1 2 3 4 5 6 7 8 9 10 11 12 13 | 13.8
Unarmed Combat | 1 2 3 4 5 6 7 8 9 10 11 12 13 | 13.8
Spellcasting   | 1 2 3 4 5 6 7 8 9 10 11 12 13 | 13.8
Evocations     | 1 2 3 4 5 6 7 8 9 10 11 12 13 | 13.8
Conjurations   | 1 2 3 4 5 6 7 8 9 10 11 | 11.9
Hexes          | 1 2 3 4 5 6 7 8 9 10 11 | 11.9
Charms         | 1 2 3 4 5 6 7 8 9 10 11 | 11.9
Summonings     | 1 2 3 4 5 6 7 8 9 10 11 | 11.9
Necromancy     | 1 2 3 4 5 6 7 8 9 10 11 | 11.9
Translocations | 1 2 3 4 5 6 7 8 9 10 11 | 11.9
Transmutations | 1 2 3 4 5 6 7 8 9 10 11 | 11.9
Fire Magic     | 1 2 3 4 5 6 7 8 9 10 11 | 11.9
Ice Magic      | 1 2 3 4 5 6 7 8 9 10 11 | 11.9
Air Magic      | 1 2 3 4 5 6 7 8 9 10 11 | 11.9
Earth Magic    | 1 2 3 4 5 6 7 8 9 10 11 | 11.9
Poison Magic   | 1 2 3 4 5 6 7 8 9 10 11 | 11.9
Polearms       | 5 6 7 8 9 10 11 12 13 14 | 14.4
Fighting       | 7 8 9 10 11 12 13 14 15 | 15.0
Armour         | 7 8 9 10 11 12 13 14 15 | 15.0
Shields        | 7 8 9 10 11 12 13 14 15 | 15.0

Action                   |  1- 3 |  4- 6 |  7- 9 | 10-12 | 13-15 | 16-18 | 19-21 || total
-------------------------+-------+-------+-------+-------+-------+-------+-------++-------
Melee: Trident           |    86 |   119 |       |       |       |       |       ||   205
       Bite              |     4 |    21 |    60 |   245 |   265 |   297 |   315 ||  1207
       Flail             |       |    63 |   332 |       |     8 |    90 |       ||   493
       Shortbow          |       |       |     8 |       |       |       |       ||     8
       Dagger            |       |       |     7 |  1429 |   338 |       |       ||  1774
       Eveningstar       |       |       |       |     5 |    20 |       |       ||    25
       Unarmed           |       |       |       |       |   238 |       |       ||   238
       Broad axe         |       |       |       |       |   727 |  1359 |  1343 ||  3429
 Fire: Shortbow          |       |       |    38 |       |       |       |       ||    38
Throw: Dart              |       |       |    16 |     5 |       |       |       ||    21
       Throwing net      |       |       |     1 |       |       |       |       ||     1
       Boomerang         |       |       |     5 |    28 |     8 |       |       ||    41
       Javelin           |       |       |       |    15 |    46 |    47 |    55 ||   163
 Cast: Shroud of Golubri |       |       |       |       |       |    21 |    38 ||    59
       Mephitic Cloud    |       |       |       |       |       |     1 |     2 ||     3
       Olgreb's Toxic Ra |       |       |       |       |       |    10 |    31 ||    41
       Leda's Liquefacti |       |       |       |       |       |     1 |     3 ||     4
       Swiftness         |       |       |       |       |       |       |     9 ||     9
       Passage of Golubr |       |       |       |       |       |       |     3 ||     3
       Summon Lightning  |       |       |       |       |       |       |     1 ||     1
Invok: Heroism           |       |       |       |     3 |     3 |     9 |     6 ||    21
       Finesse           |       |       |       |       |       |     3 |     5 ||     8
 Abil: Evoke Invisibilit |       |       |       |       |    15 |    26 |    27 ||    68
Evoke: Wand              |       |       |     6 |       |    13 |    12 |     1 ||    32
       Lamp of fire      |       |       |       |       |     1 |       |       ||     1
  Use: Scroll            |       |     7 |     8 |     6 |    24 |    15 |     6 ||    66
       Potion            |       |       |       |     1 |       |    10 |     5 ||    16
 Stab: Invisible         |       |       |       |       |    91 |   171 |   201 ||   463
       Sleeping          |       |       |       |       |    11 |    41 |    22 ||    74
       Distracted        |       |       |       |       |     3 |     6 |     2 ||    11
       Confused          |       |       |       |       |       |     1 |     1 ||     2
       Held in net/web   |       |       |       |       |       |       |     1 ||     1
       Petrifying        |       |       |       |       |       |       |     1 ||     1
  Eat: Chunk             |       |     5 |    12 |    14 |    23 |    15 |     8 ||    77
       Ration            |       |       |       |     1 |     5 |    11 |    15 ||    32
Armor: Scale mail        |    41 |    46 |       |       |   167 |   536 |   158 ||   948
       Crystal plate arm |       |    12 |   162 |   367 |   325 |       |       ||   866
       Plate armour      |       |       |       |       |       |       |   185 ||   185
Dodge: Dodged            |    30 |    19 |    18 |    62 |   336 |  1041 |   625 ||  2131
Block: Kite shield       |    53 |    43 |       |       |       |       |       ||    96
       Tower shield      |       |    58 |   327 |   993 |  1465 |  2367 |  1611 ||  6821
       Reflection        |       |       |     8 |    23 |    63 |    23 |    87 ||   204

Table legend:
 A = Non-vault XP
 B = Vault XP
 C = Vault XP percentage of total XP
 D = Non-vault monster count
 E = Vault monster count
 F = Vault count percentage of total count
                 A         B        C        D         E       F
            +---------+---------+-------+---------+---------+-------
      Total |  296869 |  245523 |  45.3 |     936 |     606 |  39.3
            +---------+---------+-------+---------+---------+-------
        D:1 |       8 |       0 |   0.0 |       7 |       0 |   0.0
        D:2 |     100 |      39 |  28.1 |      29 |       1 |   3.3
        D:3 |     174 |     220 |  55.8 |      24 |       6 |  20.0
        D:4 |     224 |       0 |   0.0 |      10 |       0 |   0.0
        D:5 |     173 |     110 |  38.9 |       5 |       1 |  16.7
        D:6 |     791 |       0 |   0.0 |      21 |       0 |   0.0
        D:7 |    1449 |    1103 |  43.2 |      33 |       6 |  15.4
        D:8 |    1946 |       0 |   0.0 |      23 |       0 |   0.0
        D:9 |    1829 |       0 |   0.0 |      20 |       0 |   0.0
       D:10 |    2157 |    2077 |  49.1 |      18 |      17 |  48.6
       D:11 |    5248 |    1048 |  16.6 |      31 |       5 |  13.9
       D:12 |    5862 |    2664 |  31.2 |      27 |      18 |  40.0
       D:13 |   13844 |   11777 |  46.0 |      50 |      21 |  29.6
       D:14 |    9833 |   17299 |  63.8 |      43 |      42 |  49.4
       D:15 |    6617 |    5208 |  44.0 |      26 |       6 |  18.8
     Lair:1 |    2987 |     718 |  19.4 |      17 |       6 |  26.1
     Lair:2 |    2484 |    1469 |  37.2 |      13 |       5 |  27.8
     Lair:3 |    4320 |       0 |   0.0 |      19 |       0 |   0.0
     Lair:4 |   11805 |    4917 |  29.4 |      48 |      13 |  21.3
     Lair:5 |    2138 |    4288 |  66.7 |      11 |      13 |  54.2
     Lair:6 |   12566 |    8605 |  40.6 |      34 |      21 |  38.2
   Shoals:1 |    7439 |    2429 |  24.6 |      21 |       8 |  27.6
   Shoals:2 |   21659 |   10938 |  33.6 |      43 |      10 |  18.9
   Shoals:3 |   14635 |       0 |   0.0 |      23 |       0 |   0.0
   Shoals:4 |    9007 |   26680 |  74.8 |      16 |      43 |  72.9
   Spider:1 |   12319 |    6958 |  36.1 |      38 |      35 |  47.9
   Spider:2 |    9312 |    2601 |  21.8 |      29 |       7 |  19.4
   Spider:3 |   18535 |   10354 |  35.8 |      43 |      23 |  34.8
   Spider:4 |   12297 |   35605 |  74.3 |      34 |      68 |  66.7
    Slime:1 |   13095 |       0 |   0.0 |      21 |       0 |   0.0
    Slime:2 |    9303 |       0 |   0.0 |      12 |       0 |   0.0
    Slime:3 |   13738 |       0 |   0.0 |      24 |       0 |   0.0
    Slime:4 |   19441 |    2578 |  11.7 |      30 |       1 |   3.2
    Slime:5 |   15296 |   12683 |  45.3 |      19 |      10 |  34.5
      Orc:1 |     266 |      66 |  19.9 |       5 |       7 |  58.3
      Orc:2 |     972 |    5529 |  85.0 |      10 |      63 |  86.3
      Elf:1 |   19536 |   20307 |  51.0 |      32 |      31 |  49.2
      Elf:2 |   13464 |   30544 |  69.4 |      27 |      43 |  61.4
      IceCv |       0 |   11018 | 100.0 |       0 |      60 | 100.0
   Gauntlet |       0 |    5691 | 100.0 |       0 |      16 | 100.0
            +---------+---------+-------+---------+---------+-------
